 Dungeon Crawl Stone Soup version 0.27-a0-1296-g8ece459b43 (webtiles) character file.

Game seed: 17658766509890562635

127114 Delamore the Impaler (level 17, -3/133 HPs)
             Began as a Formicid Fighter on June 16, 2021.
             Was an Initiate of Gozag.
             Slain by a soul eater (13 damage)
             ... summoned by Frances
             ... on level 1 of the Spider Nest.
             The game lasted 00:33:23 (23406 turns).

Delamore the Impaler (Formicid Fighter)            Turns: 23406, Time: 00:33:24

Health: -3/133     AC: 16    Str: 34    XL:     17   Next: 55%
Magic:  17/17      EV:  8    Int: 14    God:    Gozag
Gold:   2323       SH: 27    Dex: 12    Spells: 16/16 levels left

rFire    + . .     SeeInvis +   R - +4 lajatang (vamp)
rCold    + . .     Faith    .   Y - +0 tower shield
rNeg     + . .     Spirit   .   G - +15 Maxwell's patent armour {-Cast -Tele rElec Will+ rCorr}
rPois    .         Reflect  +   (helmet unavailable)
rElec    +         Harm     .   P - scarf {rC+ rF+}
rCorr    +         Rampage  +   C - +2 pair of gloves
Will     +....     NoCast   +   X - +0 pair of boots {rampage}
Stlth    ..........             f - amulet "Uluyl" {Reflect rElec Regen+ Str+6 SH+5 Stlth-}
HPRegen  1.32/turn              U - ring "Haidgh" {Will- Int+6 Dex+2 Slay+3}
MPRegen  0.15/turn              q - ring of positive energy

@: mighty, brilliant, corroded, gold aura, studying 2 skills
A: permanent stasis, dig shafts and tunnels, antennae 3, four strong arms
a: Dig, Shaft Self, Renounce Religion, Potion Petition, Call Merchant, Bribe
Branch


You were on level 1 of the Spider Nest.
You worshipped Gozag.
Gozag was most pleased with you.
You visited 5 branches of the dungeon, and saw 25 of its levels.
You also visited: Sewer, Gauntlet and Ice Cave.

You collected 9027 gold pieces.
You spent 2048 gold pieces at shops.
You paid 4656 gold pieces to Gozag.

Inventory:

Hand Weapons
 c - the +6 glaive "Sorchekh" {freeze, Str+4 Dex+2}
   (You bought it in a shop on level 2 of the Orcish Mines)

   It has been specially enchanted to freeze those struck by it, causing extra
   injury to most foes and up to half again as much damage against particularly
   susceptible opponents.
   It can also slow down cold-blooded creatures.
   It affects your strength (+4).
   It affects your dexterity (+2).
 R - a +4 vampiric lajatang (weapon)
Missiles
 h - 16 boomerangs (quivered)
 l - 76 poisoned darts
 y - 8 javelins
 A - 8 atropa-tipped darts
 F - 5 datura-tipped darts
 H - a throwing net
 I - 2 curare-tipped darts
Armour
 a - a +2 pair of boots of flying
 C - a +2 pair of gloves (worn)
 G - the +15 Maxwell's patent armour (worn) {-Cast -Tele rElec Will+ rCorr}
   (You found it on level 11 of the Dungeon)

   It insulates you from electricity.
   It prevents spellcasting.
   It prevents most forms of teleportation.
   It protects you from acid and corrosion.
   It increases your willpower.
 P - a scarf of resistance (worn)
 X - a +0 pair of boots of rampaging (worn)
 Y - a +0 tower shield (worn)
Jewellery
 f - the amulet "Uluyl" (around neck) {Reflect rElec Regen+ Str+6 SH+5 Stlth-}
   (You acquired it on level 4 of the Dungeon)

   [amulet of reflection]

   It reflects blocked missile attacks.
   It affects your strength (+6).
   It insulates you from electricity.
   It increases your rate of health regeneration.
   It affects your SH (+5).
   It makes you less stealthy.
 o - a ring of ice
 q - a ring of positive energy (right hand)
 w - a ring of flight
 x - a ring of protection from fire
 U - the ring "Haidgh" (left hand) {Will- Int+6 Dex+2 Slay+3}
   (You found it in a Gauntlet)

   [ring of intelligence]

   It affects your intelligence (+6).
   It affects your dexterity (+2).
   It affects your accuracy and damage with ranged weapons and melee attacks
   (+3).
   It decreases your willpower.
Wands
 b - a wand of iceblast (50)
 g - a wand of polymorph (19)
 m - a wand of acid (8)
 M - a wand of digging (7)
 N - a wand of paralysis (28)
 V - a wand of mindburst (7)
Scrolls
 e - a scroll of fear
 j - a scroll of brand weapon
 r - 5 scrolls of enchant armour
 u - 7 scrolls of magic mapping
 v - 9 scrolls of amnesia
 B - 5 scrolls of immolation
 L - 4 scrolls of identify
 O - 2 scrolls of holy word
 Q - 2 scrolls of torment
 T - a scroll of fog
 W - a scroll of summoning
Potions
 i - 10 potions of curing
 k - 3 potions of attraction
 n - 6 potions of haste
 p - 2 potions of resistance
 s - 6 potions of brilliance
 t - 3 potions of flight
 z - 2 potions of heal wounds
 E - 4 potions of magic
 J - a potion of cancellation
 K - 2 potions of mutation
 S - 2 potions of degeneration
Miscellaneous
 D - a condenser vane


   Skills:
 + Level 12.3 Fighting
 - Level 16.0(16.8) Polearms
 - Level 9.8(14.0) Staves
 - Level 6.0 Throwing
 + Level 14.5 Armour
 - Level 15.0 Shields
 + Level 9.2 Evocations


You had 16 spell levels left.
You didn't know any spells.
Your spell library contained the following spells:

 Spells                   Type           Power      Damage    Failure   Level
 Corona                   Hex            0%         N/A       80%         1
 Magic Dart               Conj           0%         1d3       80%         1
 Pain                     Necr           0%         1d4       80%         1
 Sandblast                Erth           0%         2d4       80%         1
 Sting                    Tmut/Pois      0%         1d3       80%         1
 Ensorcelled Hibernation  Hex/Ice        0%         N/A       90%         2
 Passwall                 Tmut/Erth      0%         N/A       90%         2
 Poisonous Vapours        Pois/Air       0%         N/A       90%         2
 Searing Ray              Conj           0%         3d3       90%         2
 Confusing Touch          Hex            0%         N/A       99%         3
 Dazzling Flash           Conj/Hex       0%         N/A       99%         3
 Ignite Poison            Fire/Tmut/Pois 0%         N/A       99%         3
 Mephitic Cloud           Conj/Pois/Air  0%         N/A       99%         3
 Stone Arrow              Conj/Erth      0%         3d7       99%         3
 Tukima's Dance           Hex            0%         N/A       99%         3
 Animate Armour           Summ/Erth      0%         N/A       100%        4
 Dispel Undead            Necr           0%         3d6       100%        4
 Fulminant Prism          Conj/Hex       0%         3d6       100%        4
 Iskenderun's Mystic Bla  Conj/Tloc      0%         2d3       100%        4
 Olgreb's Toxic Radiance  Pois           0%         N/A       100%        4
 Petrify                  Tmut/Erth      0%         N/A       100%        4
 Blade Hands              Tmut           0%         N/A       100%        5
 Bolt of Magma            Conj/Fire/Erth 0%         4d4       100%        5
 Borgnjor's Vile Clutch   Necr/Erth      0%         N/A       100%        5
 Fireball                 Conj/Fire      0%         3d3       100%        5
 Irradiate                Conj/Tmut      0%         3d13      100%        5
 Lee's Rapid Deconstruct  Erth           0%         3d5*      100%        5
 Silence                  Hex/Air        0%         N/A       100%        5
 Shadow Creatures         Summ           N/A        N/A       100%        6
 Starburst                Conj/Fire      0%         8x6d3     100%        6
 Statue Form              Tmut/Erth      0%         N/A       100%        6
 Dragon Form              Tmut           0%         N/A       100%        7
 Storm Form               Tmut/Air       0%         N/A       100%        7
 Ignition                 Fire           0%         3d3       100%        8


Dungeon Overview and Level Annotations

Branches:
Dungeon (15/15)            Temple (1/1) D:4            Lair (6/6) D:11
 Shoals (0/4) Lair:3       Spider (1/4) Lair:2        Slime (0/5) Lair:6
    Orc (2/2) D:11            Elf (0/3) Orc:2        Vaults (0/5) D:13
 Depths (0/5) D:15          Sewer (visited)           IceCv (visited)
Gauntlet (visited)

Altars:
Ashenzari
Cheibriados
Dithmenos
Elyvilon
Fedhas
Gozag
Hepliaklqana
Kikubaaqudgha
Makhleb
Nemelex Xobeh
Okawaru
Qazlal
Ru
Sif Muna
Trog
Uskayaw
Vehumet
Wu Jian
Xom
Yredelemnul
Zin
The Shining One
Beogh
Jiyva

Shops:
D:5 =   D:7 (   D:10 (   D:11 *[   D:15 !   Orc:1 :   Orc:2 *([(   Lair:1 =
Lair:4 !

Portals:
Trove: D:10 (give 4 potions of resistance)

Annotations:
Spider:1 Frances


Innate Abilities, Weirdness & Mutations

You cannot be hasted, slowed, berserked, paralysed or teleported.
You can dig through walls and to a lower floor.
You have a pair of large antennae on your head. (SInv)
Your four strong arms can wield two-handed weapons with a shield.


Message History

The soul eater draws from the surrounding life force!
* * * LOW HITPOINT WARNING * * *
You block the smoke demon's attack. x3
You closely miss Frances.
Frances is moderately wounded.
You block Frances's attack. The soul eater barely misses you.
The smoke demon hits you.
* * * LOW HITPOINT WARNING * * *
You block the smoke demon's attack.
The smoke demon hits you but does no damage.
You barely miss Frances.
Frances is moderately wounded.
You block Frances's attack.
Frances chants phrases taken from a devil's mouth.
The iron shot misses you. [a] - 270 gold - resistance [b] - 312 gold - brilliance and magic [c] - 442 gold - heal wounds, magic and brilliance Purchase which effect?
You feel much better. Magic courses through your body.
You feel clever all of a sudden.
Frances whispers indecipherable words.
The iron shot hits you!!
* * * LOW HITPOINT WARNING * * *
You hit Frances.
Frances is moderately wounded.
You block Frances's attack. The smoke demon gestures at you.
The sticky flame reflects off an invisible shield around you!
The sticky flame hits the smoke demon.
The smoke demon resists.
You closely miss Frances.
Frances is moderately wounded.
Frances mutters a nigh-unspeakable word.
You block Frances's attack. The smoke demon gestures at you.
Something smites you!
* * * LOW HITPOINT WARNING * * *
The soul eater hits you!
You die...
Your body crumbles into a pile of gold.

### #≈≈ #≈≈##
#≈#≈######### #≈≈#
#≈≈≈#ssy@@≈## ≈≈.≈
#≈≈^Bsy33≈≈# ≈y..≈
#....s3#..≈## ≈ ...≈
##..........# .##..≈
#^.......#.###
^^..≈≈##......#....≈#
≈≈.##..≈≈............≈#
#≈;...≈##...........<.#
≈≈..≈≈≈.#........#..##


You could see Frances (fast), an entropy weaver, 2 spark wasps, 2 soul eaters, a
smoke demon (summoned), 2 tarantellas and 2 redbacks.

Vanquished Creatures
  Gastronok (Lair:1)
  Roxanne (D:15)
  An orc warlord (Orc:2)
  A dire elephant (Gauntlet)
  A minotaur (Gauntlet)
  Snorg (Lair:3)
  2 ettins
  A fire dragon (D:13)
  5 boulder beetles
  Josephine (Lair:4)
  A rakshasa (D:15)
  Erolcha (D:13)
  14 hydras
  Harold (D:11)
  4 centaur warriors
  5 two-headed ogres
  2 death scarabs (Gauntlet)
  A death knight (D:15)
  4 tengu warriors
  3 death yaks (Lair:6)
  3 orc high priests (Orc:2)
  Sonja (D:10)
  Nergalle (Lair:1)
  3 spectral death yaks (Gauntlet)
  5 skeletal warriors (D:14)
  A spectral hydra (Gauntlet)
  A phantasmal warrior (D:15)
  2 necromancers
  5 orc knights
  A wizard (D:15)
  A wolf spider zombie (D:15)
  2 deep elf pyromancers
  An orb spider (shapeshifter) (D:13)
  4 ugly things
  A lindwurm (shapeshifter) (D:14)
  A deep elf zephyrmancer (D:15)
  6 manticores
  4 orc sorcerers (Orc:2)
  4 oklob plants
  A salamander (shapeshifter) (D:14)
  2 wolf spiders
  2 cyclopes
  2 ice statues (IceCv)
  29 elephants
  3 black mambas
  3 gargoyles
  A guardian serpent (shapeshifter) (D:13)
  2 naga magi (D:15)
  A rime drake (Lair:6)
  32 cane toads
  4 komodo dragons
  4 efreet
  2 freezing wraiths
  9 ice devils (IceCv)
  2 kobold demonologists (D:11)
  3 trolls
  4 jumping spiders (Spider:1)
  5 tyrant leeches (Lair:6)
  2 polar bears (Lair:5)
  4 slime creatures (D:14)
  A blink frog (shapeshifter) (D:15)
  12 dream sheep
  Prince Ribbit (Lair:1)
  25 blink frogs
  A snapping turtle (Lair:3)
  5 centaur simulacra
  2 redbacks (Spider:1)
  A water elemental (D:15)
  11 wraiths
  3 wyverns (Lair:5)
  A vampire (D:10)
  58 yaks
  A tarantella (Spider:1)
  A steam dragon (D:7)
  Grum (D:11)
  Eustachio (D:4)
  9 basilisks
  A fire elemental (Lair:3)
  14 vampire mosquitoes
  5 wargs
  An acid dragon (D:8)
  16 water moccasins
  Duvessa (D:4)
  Purgy (Sewer)
  A meliai simulacrum (D:15)
  25 orc warriors
  A sky beast (D:6)
  A hornet zombie (D:6)
  A black bear (Lair:2)
  13 wolves
  8 ogres
  6 centaurs
  A phantom (D:5)
  A kobold brigand (D:8)
  21 bullfrogs
  2 scorpions
  Dowan (D:4)
  A wyvern skeleton (D:7)
  12 killer bees (D:8)
  6 wights
  7 howler monkeys
  2 bullfrog zombies (D:5)
  3 lava snakes (D:15)
  3 hounds
  14 orc priests
  A gnoll shaman (D:7)
  4 centaur zombies
  2 bullfrog skeletons (D:6)
  2 jellies
  20 orc wizards
  3 centaur skeletons
  9 hell rats
  5 iguanas
  A spriggan simulacrum (IceCv)
  2 troll simulacra (IceCv)
  A howler monkey zombie (D:11)
  A howler monkey skeleton (D:4)
  2 ogre simulacra (IceCv)
  9 adders
  19 gnolls
  A naga simulacrum (IceCv)
  A shadow imp (D:5)
  16 white imps
  An ufetubus (D:6)
  2 worms (D:2)
  2 dart slugs
  75 orcs
  6 ball pythons
  12 bats
  6 endoplasms
  5 giant cockroaches
  6 goblins
  9 hobgoblins
  7 jackals
  4 quokkas
  5 frilled lizards
  15 kobolds
  4 rats
  A bush (Lair:5)
  A fire vortex (Lair:3)
778 creatures vanquished.

Vanquished Creatures (others)
  An orc warrior (Orc:2)
  A kobold (D:8)
  23 fungi
  123 plants
148 creatures vanquished.

Grand Total: 926 creatures vanquished

Notes
Turn   | Place    | Note
-------+----------+-------------------------------------------
     0 | D:1      | Delamore the Formicid Fighter began the quest for the Orb.
     0 | D:1      | Reached XP level 1. HP: 18/18 MP: 1/1
   364 | D:1      | Reached XP level 2. HP: 20/24 MP: 2/2
   935 | D:1      | Reached XP level 3. HP: 30/30 MP: 3/3
  1123 | D:2      | Reached skill level 3 in Polearms
  1466 | D:2      | Reached XP level 4. HP: 37/37 MP: 4/4
  2038 | D:2      | Reached skill level 4 in Polearms
  2038 | D:2      | Reached XP level 5. HP: 40/42 MP: 5/5
  3105 | D:3      | Reached XP level 6. HP: 50/50 MP: 6/6
  3161 | D:3      | Found a faded altar of an unknown god.
  3228 | D:3      | Found a shimmering blue altar of Sif Muna.
  3478 | D:4      | Reached skill level 5 in Polearms
  3517 | D:4      | Noticed Duvessa
  3518 | D:4      | Noticed Dowan
  3527 | D:4      | Killed Duvessa
  3528 | D:4      | Reached skill level 5 in Fighting
  3537 | D:4      | Killed Dowan
  3538 | D:4      | Reached skill level 6 in Polearms
  3538 | D:4      | Reached XP level 7. HP: 11/56 MP: 7/7
  3567 | D:4      | Identified a scroll of acquirement
  3567 | D:4      | Acquired the amulet "Uluyl" {Reflect rElec Regen+ Str+6
                  | SH+5 Stlth-}
  3577 | D:4      | Found a glowing drain.
  3590 | Sewer    | Entered a sewer
  3621 | Sewer    | Noticed Purgy
  3635 | Sewer    | Killed Purgy
  3725 | D:4      | Found a staircase to the Ecumenical Temple.
  3880 | Temple   | Entered the Ecumenical Temple
  4076 | Temple   | Became a worshipper of Gozag Ym Sagoz the Greedy
  4443 | D:4      | Noticed Eustachio
  4475 | D:4      | Killed Eustachio
  4476 | D:4      | Reached skill level 7 in Polearms
  4523 | D:4      | Reached XP level 8. HP: 56/62 MP: 8/8
  4596 | D:4      | Reached skill level 8 in Polearms
  4668 | D:5      | Entered Level 5 of the Dungeon
  4762 | D:5      | Found a stormy altar of Qazlal.
  4762 | D:5      | Found a shadowy altar of Dithmenos.
  4771 | D:5      | Found an ornate altar of the Wu Jian Council.
  4773 | D:5      | Found a faded altar of an unknown god.
  4780 | D:5      | Found a faded altar of an unknown god.
  4879 | D:5      | Noticed a wraith
  4888 | D:5      | Killed a wraith
  4889 | D:5      | Reached skill level 9 in Polearms
  5009 | D:5      | Reached skill level 10 in Polearms
  5009 | D:5      | Reached XP level 9. HP: 66/68 MP: 9/9
  5073 | D:5      | Found Buif's Jewellery Shop.
  5446 | D:6      | Reached skill level 11 in Polearms
  5459 | D:6      | Found a blossoming altar of Fedhas.
  6446 | D:7      | Noticed a gargoyle
  6460 | D:7      | Reached skill level 5 in Shields
  6468 | D:7      | Killed a gargoyle
  6469 | D:7      | Reached XP level 10. HP: 25/74 MP: 10/10
  6476 | D:7      | Reached skill level 5 in Armour
  6547 | D:7      | Reached skill level 12 in Polearms
  8027 | D:9      | Found a broken altar of Ashenzari.
  8275 | D:9      | Reached skill level 13 in Polearms
  8468 | D:9      | Found a burning altar of Makhleb.
  8468 | D:9      | Noticed a green death
  8512 | D:10     | Entered Level 10 of the Dungeon
  8529 | D:10     | Noticed an efreet
  8531 | D:10     | Noticed a centaur warrior
  8535 | D:10     | Killed an efreet
  8541 | D:10     | Noticed an orc knight
  8564 | D:10     | Killed an orc knight
  8565 | D:10     | Reached XP level 11. HP: 49/79 MP: 11/11
  8614 | D:10     | Reached skill level 14 in Polearms
  8638 | D:10     | Killed a centaur warrior
  8682 | D:10     | Found a sparkling altar of Nemelex Xobeh.
  8685 | D:10     | Found a radiant altar of Vehumet.
  8689 | D:10     | Found an iron altar of Okawaru.
  8926 | D:10     | Noticed a two-headed ogre
  8936 | D:10     | Killed a two-headed ogre
  8953 | D:10     | Found a portal to a secret trove of treasure.
  8953 | D:10     | Noticed Sonja
  8965 | D:10     | Killed Sonja
  9008 | D:10     | Noticed a two-headed ogre
  9011 | D:10     | Killed a two-headed ogre
  9513 | D:10     | Bought 5 datura-tipped darts for 30 gold pieces
  9515 | D:11     | Found the +15 Maxwell's patent armour {-Cast -Tele rElec
                  | Will+ rCorr}
  9542 | D:11     | Noticed a sun demon
  9571 | D:11     | Noticed Grum
  9583 | D:11     | Killed Grum
  9607 | D:11     | Noticed a two-headed ogre
  9616 | D:11     | Killed a two-headed ogre
  9617 | D:11     | Reached XP level 12. HP: 91/91 MP: 12/12
  9663 | D:11     | Reached skill level 5 in Throwing
  9749 | D:11     | Found a staircase to the Lair.
  9761 | D:11     | Found a staircase to the Orcish Mines.
  9802 | D:11     | Noticed Harold
  9809 | D:11     | Noticed a two-headed ogre
  9814 | D:11     | Killed Harold
  9819 | D:11     | Killed a two-headed ogre
  9850 | D:11     | Found Tachiff's Assorted Antiques.
  9853 | D:11     | Bought a scroll labelled FOEQ FAGUUW for 37 gold pieces
  9853 | D:11     | Bought an inky potion for 33 gold pieces
 10098 | D:12     | Reached skill level 15 in Polearms
 10118 | D:12     | Noticed a two-headed ogre
 10127 | D:12     | Killed a two-headed ogre
 10594 | D:12     | Identified the +10 fustibalus "Xegrot" {venom, Drain Int+9}
 10739 | D:12     | Noticed an eight-headed hydra
 10755 | D:12     | Killed an eight-headed hydra
 10780 | D:12     | Reached skill level 10 in Fighting
 10989 | D:13     | Noticed Erolcha
 10998 | D:13     | Killed Erolcha
 11025 | D:13     | Reached XP level 13. HP: 82/103 MP: 13/13
 11031 | D:13     | Reached skill level 16 in Polearms
 11104 | D:13     | Noticed an ettin
 11110 | D:13     | Reached skill level 1 in Evocations
 11114 | D:13     | Noticed a fire dragon
 11116 | D:13     | Killed an ettin
 11129 | D:13     | Killed a fire dragon
 11130 | D:13     | Noticed a centaur warrior
 11138 | D:13     | Killed a centaur warrior
 11217 | D:13     | Found a gate to the Vaults.
 11382 | D:13     | Noticed an eight-headed hydra
 11382 | D:13     | Noticed a boulder beetle
 11392 | D:13     | Killed a 14-headed hydra
 11408 | D:13     | Killed a boulder beetle
 11561 | D:13     | Noticed a boulder beetle
 11573 | D:13     | Killed a boulder beetle
 11603 | D:13     | Reached skill level 5 in Evocations
 11764 | Lair:1   | Entered Level 1 of the Lair of Beasts
 12321 | Lair:1   | Reached skill level 1 in Staves
 12348 | Lair:1   | Noticed Nergalle
 12415 | Lair:1   | Reached skill level 10 in Shields
 12431 | Lair:1   | Killed Nergalle
 12461 | Lair:1   | Noticed Gastronok
 12475 | Lair:1   | Killed Gastronok
 12476 | Lair:1   | Reached XP level 14. HP: 110/110 MP: 14/14
 12545 | Lair:1   | Noticed Prince Ribbit
 12553 | Lair:1   | Killed Prince Ribbit
 12571 | Lair:1   | Found a hide-covered altar of Uskayaw.
 12572 | Lair:1   | Found an ornate altar of the Wu Jian Council.
 13562 | Lair:2   | Found a hole to the Spider Nest.
 14153 | Lair:3   | Reached skill level 5 in Staves
 14347 | Lair:3   | Noticed Snorg
 14368 | Lair:3   | Killed Snorg
 14369 | Lair:3   | Reached skill level 10 in Armour
 14613 | Lair:3   | Found a staircase to the Shoals.
 14815 | Lair:4   | Noticed Josephine
 14839 | Lair:4   | Killed Josephine
 15169 | Lair:4   | Found a snail-covered altar of Cheibriados.
 15807 | Lair:4   | Bought a potion of heal wounds for 75 gold pieces
 15807 | Lair:4   | Bought a potion of heal wounds for 75 gold pieces
 15807 | Lair:4   | Bought a potion of degeneration for 15 gold pieces
 15870 | Lair:5   | Reached XP level 15. HP: 115/115 MP: 15/15
 15940 | Lair:5   | Found a gate leading to a gauntlet.
 15949 | Gauntlet | Entered a Gauntlet
 15949 | Gauntlet | Found a transporter.
 15949 | Gauntlet | Found a transporter.
 15949 | Gauntlet | Found a transporter.
 15949 | Gauntlet | Found a transporter.
 15969 | Gauntlet | Found a transporter.
 15984 | Gauntlet | Found a transporter.
 15994 | Gauntlet | Found the +8 longbow "Zephyr" {speed, Dex+3 SInv}
 16005 | Gauntlet | Found a transporter.
 16033 | Gauntlet | Found a transporter.
 16035 | Gauntlet | Found a large runed translucent door.
 16036 | Gauntlet | Found a large runed translucent door.
 16037 | Gauntlet | Found a large runed translucent door.
 16037 | Gauntlet | Found a large runed translucent door.
 16037 | Gauntlet | Found a runed translucent door.
 16037 | Gauntlet | Found a runed translucent door.
 16038 | Gauntlet | Found a transporter.
 16039 | Gauntlet | Found a large runed translucent door.
 16040 | Gauntlet | Found a transporter.
 16040 | Gauntlet | Found a large runed translucent door.
 16041 | Gauntlet | Found a large runed translucent door.
 16041 | Gauntlet | Found a large runed translucent door.
 16041 | Gauntlet | Found a large runed translucent door.
 16041 | Gauntlet | Found a large runed translucent door.
 16041 | Gauntlet | Found a large runed translucent door.
 16041 | Gauntlet | Found a large runed translucent door.
 16042 | Gauntlet | Found a runed translucent gate.
 16042 | Gauntlet | Found a runed translucent gate.
 16042 | Gauntlet | Found a runed translucent gate.
 16044 | Gauntlet | Found a transporter.
 16088 | Gauntlet | Found a transporter.
 16116 | Gauntlet | Found a large runed translucent door.
 16117 | Gauntlet | Found a large runed translucent door.
 16127 | Gauntlet | Found a large runed translucent door.
 16127 | Gauntlet | Found a large runed translucent door.
 16190 | Gauntlet | Identified the ring "Haidgh" {Will- Int+6 Dex+2 Slay+3}
 16279 | Gauntlet | Identified the amulet "Wage" {-Cast rPois Regen+ Dex+4}
 16930 | Lair:5   | Found a stormy altar of Qazlal.
 17404 | Lair:6   | Entered Level 6 of the Lair of Beasts
 17480 | Lair:6   | Found a frozen archway.
 17541 | IceCv    | Entered an ice cave
 17754 | IceCv    | Identified the +1 plate armour "Neant" {Rampage rC+ Will-}
 18192 | Lair:6   | Reached XP level 16. HP: 88/122 MP: 16/16
 18355 | Lair:6   | Found a radiant altar of Vehumet.
 18590 | Lair:6   | Identified the Tome of Flamy Stolen Souls
 18736 | Lair:6   | Found a staircase to the Slime Pits.
 18738 | Lair:6   | Found a viscous altar of Jiyva.
 19618 | Orc:1    | Entered Level 1 of the Orcish Mines
 19619 | Orc:1    | Found Rasemorph's Book Boutique.
 19680 | Orc:1    | Bought a manual of Shields for 1324 gold pieces
 19791 | Orc:2    | Entered Level 2 of the Orcish Mines
 20383 | Orc:2    | Found Ivuac's Assorted Antiques.
 20407 | Orc:2    | Bought a tower shield for 112 gold pieces
 20504 | Orc:2    | Found Cuaguiski's Antique Weapon Shop.
 20514 | Orc:2    | Reached skill level 15 in Shields
 20542 | Orc:2    | Bought a translucent glaive for 299 gold pieces
 20542 | Orc:2    | Identified the +6 glaive "Sorchekh" {freeze, Str+4 Dex+2}
                  | (You bought it in a shop on level 2 of the Orcish Mines)
 20598 | Orc:2    | Found a staircase to the Elven Halls.
 20822 | Orc:2    | Found Wiplog's Antique Weapon Shop.
 20921 | Orc:2    | Found Faorupic's Antique Armour Boutique.
 21436 | D:14     | Reached XP level 17. HP: 131/131 MP: 17/17
 22082 | D:15     | Entered Level 15 of the Dungeon
 22126 | D:15     | Found a white marble altar of Elyvilon.
 22251 | D:15     | Noticed Roxanne
 22542 | D:15     | Found a staircase to the Depths.
 22771 | D:15     | Found Weed's Distillery.
 22774 | D:15     | Bought a potion of curing for 48 gold pieces
 22986 | D:15     | Killed Roxanne
 23278 | Spider:1 | Entered Level 1 of the Spider Nest
 23369 | Spider:1 | Noticed Frances
 23406 | Spider:1 | Slain by a soul eater

Illustrated notes

Levels and vault maps discovered:
D:1:      scummos_arrival_checkerplants, layout_loops_corners,
          chequers_serial_rivers_room_a
D:2:      minmay_angry_zag, layout_rooms
D:3:      layout_loops_corners, nicolae_sif_muna_condensation,
          basic_ecumenical_altar
D:4:      layout_basic, minmay_temple_entry_overgrown, serial_forest,
          infiniplex_forest_clump_double, infiniplex_forest_clump_tiny,
          infiniplex_forest_lined_ring, infiniplex_forest_clump_small,
          infiniplex_forest_clump_cross, infiniplex_forest_lined_2,
          portal_sewer_entry_f, lightli_corner_chamber, uniq_duvessa,
          uniq_eustachio
D:5:      minmay_skewed_foursquare, layout_rooms,
          chequers_temple_overflow_minitemple, serial_shops, shop,
          corexii_corridor_pit
D:6:      layout_loops_ring, lemuel_crystal_altar
D:7:      layout_loops_cross, item_on_display_a
D:8:      layout_gridville, grunt_decor_fettered
D:9:      minmay_weird_star, layout_irregular_city, old_standard_altar,
          makhleb_altar_promises_db
D:10:     layout_loops_corners, grunt_temple_overflow_diamond,
          nicolae_trove_entry_isolated, kb_rosetta, uniq_sonja
D:11:     layout_rooms, lair_entry_dummy, orc_0_dummy, serial_shops,
          nicolae_shop_behind_doors, uniq_grum, uniq_harold
D:12:     layout_cave_pods, lightli_fourway_metalbox
D:13:     layout_roguey, david_vaults_4, drop_trap, nrook_mini_backslash,
          uniq_erolcha
D:14:     layout_roguey, hangedman_decor_riveting
D:15:     grunt_enter_depths_magical_seal, layout_basic, serial_bayou,
          serial_bayou_pond_e, serial_bayou_shore_b, serial_bayou_ford_a,
          serial_bayou_pond_a, serial_shops, nicolae_shop_window_shopping,
          elyvilon_altar_4, uniq_roxanne
Temple:   minmay_temple_bridge_abc
Lair:1:   layout_concentric_octagons, nzn_masters_of_martial_movement,
          uniq_nergalle, uniq_gastronok, uniq_prince_ribbit2
Lair:2:   layout_cave_pods, spider_nest_entry_web_field, serial_bayou_shore_b
Lair:3:   layout_gridlike, minmay_shoals_entry_hut, patterned_corridor,
          uniq_snorg
Lair:4:   layout_small_grid, basic_altar, lemuel_fruit_fields, uniq_josephine
Lair:5:   layout_hall_layers, gauntlet_entry_generic, basic_altar,
          minmay_lair_oklob_bushes, ldierk_geyser, st_stairs_4,
          serial_bayou_shore_b, grunt_megastairs_5
Lair:6:   minmay_lair_end_frog_pond, layout_cave_pods, slime_altar_1,
          basic_altar, portal_ice_cave_entry_imps, st_stairs_3,
          grunt_forest_large_clearing_hut, minmay_lair_oklob_chamber
Spider:1: layout_spider_delve, nicolae_spider_bzzzt, uniq_nikola, uniq_frances
Orc:1:    layout_diamond_mine, serial_shops, nicolae_shop_crystal
Orc:2:    grunt_orc_community_town_hall, layout_diamond_mine,
          grunt_orc_community_big_house_1, grunt_orc_community_big_house_2,
          grunt_orc_community_house_3, grunt_orc_community_house_2,
          grunt_orc_community_house_3, grunt_orc_community_house_3,
          grunt_orc_community_house_2, grunt_orc_community_house_1

Skill      XL: |  1  2  3  4  5  6  7  8  9 10 11 12 13 14 15 16 17 |
---------------+----------------------------------------------------+-----
Polearms       | 3 4 6 7 10 11 13 14 15 16 | 16.0
Fighting       | 4 5 7 10 11 12 | 12.3
Shields        | 5 7 10 12 14 15 | 15.0
Armour         | 4 5 8 10 12 13 14 | 14.5
Throwing       | 4 6 |  6.0
Evocations     | 5 7 9 |  9.2
Staves         | 2 6 9 |  9.8

Action                   |  1- 3 |  4- 6 |  7- 9 | 10-12 | 13-15 | 16-18 || total
-------------------------+-------+-------+-------+-------+-------+-------++-------
Melee: Trident           |   117 |   119 |       |    29 |    65 |       ||   330
       Halberd           |       |    62 |   294 |   452 |   173 |       ||   981
       Lajatang          |       |       |       |       |   917 |   836 ||  1753
Throw: Boomerang         |     7 |    10 |       |     1 |    15 |    52 ||    85
       Dart              |       |       |       |    13 |       |       ||    13
Invok: Call Merchant     |       |       |       |     2 |     2 |     1 ||     5
       Potion Petition   |       |       |       |       |       |     2 ||     2
 Abil: Dig               |       |     5 |     2 |     7 |     3 |     9 ||    26
Evoke: Wand              |       |       |       |     4 |       |       ||     4
       Condenser vane    |       |       |       |     1 |     1 |     1 ||     3
  Use: Scroll            |     1 |     1 |    10 |     8 |     9 |       ||    29
       Potion            |       |     1 |     2 |     2 |       |     3 ||     8
 Stab: Distracted        |       |       |       |     1 |     7 |     7 ||    15
       Held in net/web   |       |       |       |     1 |       |       ||     1
Armor: Scale mail        |    39 |    58 |    67 |       |       |       ||   164
       Chain mail        |       |       |    22 |   114 |       |       ||   136
       Fire dragon scale |       |       |       |    24 |       |       ||    24
       Plate armour      |       |       |       |    65 |   469 |   394 ||   928
Dodge: Dodged            |    41 |    45 |    64 |   104 |   203 |   149 ||   606
Block: Kite shield       |    56 |    97 |   218 |   395 |   900 |   380 ||  2046
       Reflection        |       |       |     7 |    23 |     8 |    28 ||    66
       Tower shield      |       |       |       |       |       |   422 ||   422

Table legend: (Time is in decaauts)
 A = Elapsed time spent in this place.
 B = Non-inter-level travel time spent in this place.
 C = Inter-level travel time spent in this place.
 D = Time resting spent in this place.
 E = Time spent auto-exploring this place.
 F = Levels seen in this place.
 G = Mean time per level.
                   A        B        C        D        E       F      G
               +--------+--------+--------+--------+--------+-----+--------+
         Total |  23030 |  21559 |   1471 |    552 |  15654 |  28 |  822.5 |
       Dungeon |  13449 |  12705 |    744 |    523 |   9358 |  15 |  896.6 |
        Temple |    219 |    181 |     38 |      0 |    179 |   1 |  219.0 |
          Lair |   6837 |   6276 |    561 |     22 |   4785 |   6 | 1139.5 |
   Spider Nest |    117 |    117 |      0 |      0 |     53 |   1 |  117.0 |
  Orcish Mines |   1554 |   1427 |    127 |      4 |    983 |   2 |  777.0 |
         Sewer |    106 |    106 |      0 |      0 |     62 |   1 |  106.0 |
      Ice Cave |    402 |    402 |      0 |      0 |    196 |   1 |  402.0 |
      Gauntlet |    342 |    342 |      0 |      3 |     38 |   1 |  342.0 |
               +--------+--------+--------+--------+--------+-----+--------+

Top non-repeatable levels by time:
  Lair:6: 1490 daAuts
     D:2: 1431 daAuts
  Lair:5: 1245 daAuts
  Lair:1: 1218 daAuts
     D:1: 1136 daAuts
   Orc:2: 1107 daAuts
  Lair:4: 1010 daAuts
    D:10: 1008 daAuts
    D:15: 985 daAuts
     D:4: 983 daAuts
  Lair:2: 980 daAuts
     D:3: 944 daAuts
     D:8: 929 daAuts
  Lair:3: 892 daAuts
    D:12: 889 daAuts
